[Event "Titled Tuesday Blitz February 15 Early 2022"]
[White "Grischuk, Alexander"]
[Black "Gelman, Alexander"]
[WhiteFideId "4126025"]
[BlackFideId "4118316"]
[WhiteElo "2762"]
[BlackElo "2375"]
[Result "1-0"]
[Round "05"]
[TimeControl "180+1"]
[Date "2022.02.15"]
[WhiteClock "0:01:35"]
[BlackClock "0:00:08"]

1. e4 c5 2. Nc3 e6 3. Nf3 a6 4. g3 d6 5. Bg2 Nf6 6. O-O Nc6 7. d4 cxd4 8. Nxd4 Bd7 9. Be3 Be7 10. a4 O-O 11. f4 Rc8 12. Nb3 Na5 13. e5 dxe5 14. fxe5 Nd5 15. Nxd5 exd5 16. Bxd5 Bh3 17. Rxf7 Rxf7 18. Bxf7+ Kxf7 19. Qh5+ Kg8 20. Qxh3 Nc4 21. Bd4 Nd2 22. Qe6+ Kh8 23. c3 Rc6 24. Qf7 Ne4 25. Rf1 Ng5 26. Qf5 Rg6 27. Bc5 Ne6 28. Bxe7 Qxe7 29. Nd4 1-0


[Site "https://www.chess.com"]

[Event "Titled Tuesday Blitz February 15 Early 2022"]
[White "Gubajdullin, Alexei"]
[Black "Kabanov, Nikolai"]
[WhiteFideId "4141202"]
[BlackFideId "4127820"]
[WhiteElo "2268"]
[BlackElo "2304"]
[Result "1-0"]
[Round "05"]
[TimeControl "180+1"]
[Date "2022.02.15"]
[WhiteClock "0:02:13"]
[BlackClock "0:01:08"]

1. d4 Nf6 2. Nf3 g6 3. Bf4 Bg7 4. e3 O-O 5. Be2 d6 6. O-O b6 7. h3 Bb7 8. a4 c5 9. a5 bxa5 10. Nbd2 cxd4 11. exd4 Nd5 12. Bg3 Nc6 13. Nb3 Qb6 14. c4 Ndb4 15. c5 dxc5 16. dxc5 Qd8 17. Nxa5 Nxa5 18. Qxd8 Rfxd8 19. Rxa5 Be4 20. Rb5 Nc6 21. Ng5 Bd5 22. Bf3 h6 23. Bxd5 Rxd5 24. Ne4 Nd4 25. Rb7 Ne2+ 26. Kh2 f5 27. c6 fxe4 28. c7 Nxg3 29. Rb8+ Kf7 30. fxg3+ 1-0


[Site "https://www.chess.com"]

[Event "Titled Tuesday Blitz February 15 Early 2022"]
[White "Gubanov, Oleg"]
[Black "Varney, Zoe"]
[WhiteFideId "14115115"]
[BlackFideId "436135"]
[WhiteElo "2080"]
[BlackElo "1808"]
[Result "1-0"]
[Round "05"]
[TimeControl "180+1"]
[Date "2022.02.15"]
[WhiteClock "0:00:16"]
[BlackClock "0:00:01"]

1. e4 e5 2. Nf3 Nc6 3. Bb5 a6 4. Ba4 Nf6 5. d3 b5 6. Bb3 Bc5 7. O-O h6 8. c3 d6 9. d4 Bb6 10. a4 exd4 11. axb5 Na5 12. cxd4 Nxb3 13. Qxb3 O-O 14. Nc3 Be6 15. d5 Bg4 16. Be3 Bxe3 17. fxe3 axb5 18. Rxa8 Qxa8 19. Qxb5 Rb8 20. Qe2 Qb7 21. Rf2 Qb4 22. h3 Bh5 23. g4 Bg6 24. e5 Ne4 25. Nxe4 Bxe4 26. e6 Bxd5 27. exf7+ Bxf7 28. Nd4 Bd5 29. Rf5 Be4 30. Rf4 Qb7 31. Ne6 Bd5 32. Nd4 Qxb2 33. Qxb2 Rxb2 34. Nf5 Rb1+ 35. Kf2 Rb2+ 36. Ke1 Bb7 37. Rc4 c5 38. Nxd6 Bd5 39. Rxc5 Bf3 40. Rc7 Bg2 41. Nf5 Bxh3 42. Rxg7+ Kf8 43. Rg6 h5 44. Rf6+ Kg8 45. g5 1-0


[Site "https://www.chess.com"]

[Event "Titled Tuesday Blitz February 15 Early 2022"]
[White "Gulatz, Maurice"]
[Black "Gunina, Valentina"]
[WhiteFideId "24642746"]
[BlackFideId "4167570"]
[WhiteElo "2150"]
[BlackElo "2465"]
[Result "0-1"]
[Round "05"]
[TimeControl "180+1"]
[Date "2022.02.15"]
[WhiteClock "0:00:18"]
[BlackClock "0:00:57"]

1. d4 d5 2. c4 c6 3. Nf3 Nf6 4. Nc3 dxc4 5. a4 Bf5 6. Ne5 Nbd7 7. Nxc4 Nb6 8. Ne5 a5 9. Bg5 h6 10. Bh4 e6 11. e4 Bh7 12. f3 Bb4 13. Be2 Qd6 14. O-O O-O 15. Bf2 Rad8 16. Qc2 c5 17. Nb5 Qb8 18. Nd3 cxd4 19. Nxb4 axb4 20. Bxd4 Nbd7 21. Rfd1 Nd5 22. Qb3 Nf4 23. Bf1 f5 24. exf5 Rxf5 25. Bf2 Nf6 26. Rxd8+ Qxd8 27. Rd1 Rd5 28. Rxd5 Qxd5 29. Qxb4 Bd3 30. Qd6 Qc4 31. Bxd3 Qc1+ 32. Bf1 Ne2+ 33. Kh1 Qxf1+ 34. Bg1 Qxg1# 0-1


[Site "https://www.chess.com"]

[Event "Titled Tuesday Blitz February 15 Early 2022"]
[White "Gurevich, Dmitry"]
[Black "Boraso, Alessio"]
[WhiteFideId "2000407"]
[BlackFideId "848077"]
[WhiteElo "2506"]
[BlackElo "2277"]
[Result "1-0"]
[Round "05"]
[TimeControl "180+1"]
[Date "2022.02.15"]
[WhiteClock "0:01:14"]
[BlackClock "0:00:07"]

1. d4 Nf6 2. c4 g6 3. Nc3 Bg7 4. e4 O-O 5. Nf3 d6 6. Be2 e5 7. O-O Nc6 8. d5 Ne7 9. Ne1 Nd7 10. Be3 f5 11. f3 f4 12. Bf2 g5 13. Nb5 b6 14. b4 a6 15. Nc3 Rf6 16. Nd3 Rh6 17. Be1 Qe8 18. a4 Nf6 19. Nf2 a5 20. bxa5 Rxa5 21. Nb5 Qh5 22. h3 Ng6 23. Ng4 Nh4 24. Nxh6+ Bxh6 25. Bxh4 gxh4 26. Nxc7 Bxh3 27. gxh3 Ra7 28. Ne6 Rg7+ 29. Kf2 Rg3 30. Rg1 Qg6 31. Qf1 Nh5 32. a5 bxa5 33. Rxa5 Qe8 34. Qa1 Rxg1 35. Qxg1+ Ng3 36. Qa1 Bf8 37. Ra8 Nh1+ 38. Ke1 1-0


[Site "https://www.chess.com"]

[Event "Titled Tuesday Blitz February 15 Early 2022"]
[White "Guz, Ari"]
[Black "Shvedova, Alexandra"]
[WhiteFideId "2825759"]
[BlackFideId "54154782"]
[WhiteElo "1913"]
[BlackElo "1920"]
[Result "0-1"]
[Round "05"]
[TimeControl "180+1"]
[Date "2022.02.15"]
[WhiteClock "0:01:33"]
[BlackClock "0:00:49"]

1. b3 d5 2. Bb2 Nf6 3. Nf3 g6 4. g3 Bg7 5. Bg2 O-O 6. O-O c5 7. e3 Nc6 8. d4 cxd4 9. Nxd4 Nxd4 10. Bxd4 e6 11. Nd2 Bd7 12. c4 Bc6 13. Rc1 Rc8 14. Qe2 dxc4 15. Bxc6 Rxc6 16. Nxc4 b6 17. Ne5 Rxc1 18. Rxc1 Qd6 19. Nc6 Nd5 20. Bxg7 Kxg7 21. Nxa7 Qa3 22. Qd2 Qxa7 23. e4 Nf6 24. Qb2 Ra8 25. a4 Qa5 26. Rc6 Qe1+ 0-1


[Site "https://www.chess.com"]

[Event "Titled Tuesday Blitz February 15 Early 2022"]
[White "Hakemi, Arman"]
[Black "Loy, Konstantin"]
[WhiteFideId "22520805"]
[BlackFideId "14122499"]
[WhiteElo "2208"]
[BlackElo "2084"]
[Result "1-0"]
[Round "05"]
[TimeControl "180+1"]
[Date "2022.02.15"]
[WhiteClock "0:01:57"]
[BlackClock "0:00:01"]

1. e4 c5 2. Nf3 d6 3. Bb5+ Nd7 4. c3 a6 5. Ba4 b5 6. Bc2 Bb7 7. Qe2 e5 8. d4 Ngf6 9. O-O Be7 10. Rd1 Qc7 11. dxe5 dxe5 12. a4 Qb6 13. Na3 Bc6 14. Nh4 O-O 15. Nf5 Rfe8 16. Nxe7+ Rxe7 17. Bg5 Ree8 18. axb5 axb5 19. Rd6 Qb7 20. Rad1 h6 21. Bh4 Rec8 22. f3 Ne8 23. R6d2 c4 24. Bf2 f6 25. Bb1 Nb6 26. Nc2 Na4 27. Nb4 Qc7 28. Be3 Bb7 29. Rd7 Qa5 30. Rxb7 1-0


[Site "https://www.chess.com"]

[Event "Titled Tuesday Blitz February 15 Early 2022"]
[White "Hamitevici, Vladimir"]
[Black "Nilsen, Tobias Lang"]
[WhiteFideId "13902393"]
[BlackFideId "1521624"]
[WhiteElo "2359"]
[BlackElo "2013"]
[Result "1-0"]
[Round "05"]
[TimeControl "180+1"]
[Date "2022.02.15"]
[WhiteClock "0:01:18"]
[BlackClock "0:00:56"]

1. e4 Nf6 2. d3 e5 3. Nf3 Nc6 4. Be2 d5 5. Nbd2 Bc5 6. O-O O-O 7. c3 a6 8. b4 Ba7 9. a3 Re8 10. h3 Qd6 11. Re1 Ne7 12. exd5 Nfxd5 13. Ne4 Qd8 14. Nxe5 Bf5 15. Qb3 Ng6 16. Nxg6 hxg6 17. Bf3 Nxc3 18. Bg5 Qd5 19. Nf6+ 1-0


[Site "https://www.chess.com"]

[Event "Titled Tuesday Blitz February 15 Early 2022"]
[White "Hansen, Eric"]
[Black "Matinian, Nikita"]
[WhiteFideId "2606771"]
[BlackFideId "24129100"]
[WhiteElo "2568"]
[BlackElo "2422"]
[Result "1-0"]
[Round "05"]
[TimeControl "180+1"]
[Date "2022.02.15"]
[WhiteClock "0:00:04"]
[BlackClock "0:00:02"]

1. e4 e5 2. Nf3 Nc6 3. Bb5 a6 4. Ba4 Nf6 5. O-O Be7 6. Re1 b5 7. Bb3 d6 8. c3 O-O 9. h3 Nb8 10. d4 Nbd7 11. Nbd2 Bb7 12. Bc2 Re8 13. Nf1 Bf8 14. Ng3 g6 15. a4 Bg7 16. Bd3 c6 17. Bg5 h6 18. Be3 Nf8 19. dxe5 dxe5 20. c4 bxa4 21. c5 N6d7 22. Rxa4 Ne6 23. b4 a5 24. Qc2 axb4 25. Rxb4 Ba6 26. Rd1 Bxd3 27. Rxd3 Ra1+ 28. Kh2 Qc8 29. Rc4 Nf4 30. Rd6 Nf6 31. Ra4 Rxa4 32. Qxa4 Re6 33. Qa5 Kh7 34. Qa7 Qe8 35. Qc7 Bf8 36. Rd8 Qe7 37. Qb8 Bg7 38. Rd6 N6h5 39. Nxh5 Nxh5 40. Nd2 f5 41. f3 f4 42. Bf2 Ng3 43. Nc4 Nf1+ 44. Kg1 Ng3 45. Qc8 Rf6 46. Qxc6 Qa7 47. Be1 Qa1 48. Kf2 Qa2+ 49. Nd2 Rxd6 50. cxd6 Qb1 51. Qc5 Nh1+ 52. Ke2 Ng3+ 53. Bxg3 fxg3 54. d7 Qh1 55. d8=Q Qxg2+ 56. Kd3 Qxh3 57. Qcd5 h5 58. Q8g8+ Kh6 59. Qdf7 1-0


[Site "https://www.chess.com"]

[Event "Titled Tuesday Blitz February 15 Early 2022"]
[White "Harish, Neeraj"]
[Black "Gontcharov, Vladislav"]
[WhiteFideId "30958130"]
[BlackFideId "4123492"]
[WhiteElo "1545"]
[BlackElo "2503"]
[Result "0-1"]
[Round "05"]
[TimeControl "180+1"]
[Date "2022.02.15"]
[WhiteClock "0:01:07"]
[BlackClock "0:02:27"]

1. e4 e6 2. d4 d5 3. Nc3 Bb4 4. e5 c5 5. a3 Bxc3+ 6. bxc3 Ne7 7. h4 Qc7 8. h5 cxd4 9. cxd4 Qc3+ 10. Bd2 Qxd4 11. Nf3 Qb6 12. h6 gxh6 13. Rxh6 Nf5 14. Rf6 Nd7 15. Rb1 Qc7 16. Bb5 a6 17. Bxd7+ Bxd7 18. Bb4 Bb5 19. g4 Nh4 20. Nxh4 Qxe5+ 21. Kd2 Qxf6 0-1


[Site "https://www.chess.com"]

[Event "Titled Tuesday Blitz February 15 Early 2022"]
[White "Hirneise, Jens"]
[Black "Bhagwat, Vinod"]
[WhiteFideId "24614734"]
[BlackFideId "5005949"]
[WhiteElo "2323"]
[BlackElo "2115"]
[Result "1-0"]
[Round "05"]
[TimeControl "180+1"]
[Date "2022.02.15"]
[WhiteClock "0:00:04"]
[BlackClock "0:00:01"]

1. d4 Nf6 2. Bg5 Ne4 3. Bf4 d5 4. Nd2 c5 5. Nxe4 dxe4 6. e3 cxd4 7. exd4 Qb6 8. b3 e6 9. c3 Nc6 10. Ne2 Be7 11. Ng3 Qa5 12. Qd2 f5 13. h4 O-O 14. Be2 e5 15. dxe5 Rd8 16. Bc4+ Kh8 17. Qc1 Nxe5 18. Be2 Nd3+ 19. Bxd3 Rxd3 20. O-O Qxc3 21. h5 Bf6 22. Rb1 Be6 23. Qa3 Qc6 24. Rfc1 Qd7 25. Rc7 Qd8 26. Rbc1 Rd1+ 27. Kh2 Rxc1 28. Rxc1 h6 29. Qa4 a6 30. Qb4 b5 31. Rc6 Bd5 32. Rd6 Qf8 33. a3 Bg8 34. a4 Be7 35. axb5 Bxd6 36. Bxd6 Qf6 37. b6 Qh4+ 38. Kg1 1-0


[Site "https://www.chess.com"]

[Event "Titled Tuesday Blitz February 15 Early 2022"]
[White "Hoffmann, Asa"]
[Black "Cori T., Deysi"]
[WhiteFideId "2001470"]
[BlackFideId "3801934"]
[WhiteElo "2117"]
[BlackElo "2350"]
[Result "1/2-1/2"]
[Round "05"]
[TimeControl "180+1"]
[Date "2022.02.15"]
[WhiteClock "0:00:48"]
[BlackClock "0:01:37"]

1. d4 Nf6 2. Bg5 c5 3. d5 Qb6 4. Nc3 a6 5. e4 d6 6. Rb1 g6 7. f4 Bg7 8. Nf3 O-O 9. Be2 Bg4 10. O-O c4+ 11. Kh1 Nbd7 12. Bxc4 Rfc8 13. Bb3 h6 14. Bh4 Nh5 15. Bf2 Qa5 16. h3 Bxf3 17. Qxf3 Bxc3 18. bxc3 Qxc3 19. Be1 Qxf3 20. Rxf3 Nc5 21. e5 Nxb3 22. cxb3 Rc2 23. g4 Ng7 24. Rf2 Rac8 25. Kg2 h5 26. Rd1 Rxf2+ 27. Kxf2 Rc2+ 28. Rd2 Rc3 29. Kg2 Ne8 30. Re2 Rd3 31. exd6 Nxd6 32. Rxe7 Rxd5 33. Bb4 hxg4 34. hxg4 Rd4 35. Bxd6 Rxd6 36. Rxb7 Rd2+ 37. Kf3 Rxa2 38. f5 gxf5 39. gxf5 Kg7 40. Rb6 a5 41. Ke4 Rb2 42. Rb5 Rb1 43. Kd3 Kf6 44. Kc2 Ra1 45. Kb2 Rf1 46. Rxa5 Rxf5 47. Rxf5+ Kxf5 48. Kc2 Ke4 49. Kd2 Kd4 50. Ke2 Kc3 51. Kf3 Kxb3 52. Kf4 Kc4 53. Kf5 Kc5 54. Kf6 1/2-1/2


[Site "https://www.chess.com"]

[Event "Titled Tuesday Blitz February 15 Early 2022"]
[White "Howell, David W L"]
[Black "Crispin Ferreras, Darvi Abraham"]
[WhiteFideId "410608"]
[BlackFideId "6402771"]
[WhiteElo "2559"]
[BlackElo "2187"]
[Result "1-0"]
[Round "05"]
[TimeControl "180+1"]
[Date "2022.02.15"]
[WhiteClock "0:00:39"]
[BlackClock "0:00:03"]

1. e4 c6 2. d4 d5 3. e5 Bf5 4. h4 h6 5. g4 Bh7 6. e6 fxe6 7. Bd3 Bxd3 8. Qxd3 Nf6 9. Nf3 Qd6 10. Ne5 Ne4 11. f3 Nd7 12. fxe4 Nxe5 13. dxe5 Qxe5 14. Nc3 O-O-O 15. Bd2 dxe4 16. Qxe4 Qg3+ 17. Ke2 g5 18. hxg5 Bg7 19. Rag1 Qd6 20. Bf4 e5 21. Be3 hxg5 22. Rh5 Kb8 23. Bxg5 Bf6 24. Be3 Rxh5 25. gxh5 Qe6 26. h6 Qh3 27. Rh1 Qg3 28. Qf3 Qg6 29. Ne4 Bh8 30. Rg1 Qe6 31. b3 Qd5 32. h7 Qb5+ 33. Kf2 Qa5 34. Rg8 Bf6 35. Nxf6 exf6 36. Qxf6 1-0


[Site "https://www.chess.com"]

[Event "Titled Tuesday Blitz February 15 Early 2022"]
[White "Ianov, Viktor"]
[Black "Dronavalli, Harika"]
[WhiteFideId "14102730"]
[BlackFideId "5015197"]
[WhiteElo "2565"]
[BlackElo "2720"]
[Result "0-1"]
[Round "05"]
[TimeControl "180+1"]
[Date "2022.02.15"]
[WhiteClock "0:00:58"]
[BlackClock "0:00:47"]

1. Nf3 Nf6 2. g3 b6 3. Bg2 Bb7 4. O-O g6 5. c4 Bg7 6. Nc3 O-O 7. d3 c5 8. e4 e6 9. Bg5 h6 10. Bf4 d6 11. h3 Nc6 12. Re1 Qe7 13. Qd2 Kh7 14. Rad1 Rad8 15. b3 Ng8 16. g4 Nd4 17. Nxd4 cxd4 18. Nb5 e5 19. Bg3 a6 20. Na3 f5 21. exf5 gxf5 22. gxf5 Bxg2 23. Kxg2 Qb7+ 24. Kg1 Rxf5 25. Nc2 Rdf8 26. Nb4 Ne7 27. Qe2 a5 28. Nc2 Ng6 29. Qe4 Qf7 30. Rd2 h5 31. h4 Bh6 32. Rde2 Bf4 33. b4 a4 34. b5 Qg7 35. Nb4 Nxh4 36. Kh2 Bxg3+ 37. fxg3 Nf3+ 38. Kg2 Nxe1+ 39. Rxe1 Kh8 40. Nd5 Rf2+ 41. Kh3 R2f3 42. Rg1 Qd7+ 43. Kh2 Qg4 44. Qxg4 hxg4 45. Nxb6 Rxd3 46. Nxa4 Rf2+ 47. Rg2 Rdd2 48. Rxf2 Rxf2+ 49. Kg1 Rxa2 50. Nb6 d3 51. Kf1 Ra1+ 0-1


[Site "https://www.chess.com"]

[Event "Titled Tuesday Blitz February 15 Early 2022"]
[White "Iljin, Timofey"]
[Black "Kuzmin, Roman"]
[WhiteFideId "14110180"]
[BlackFideId "44134932"]
[WhiteElo "2396"]
[BlackElo "1978"]
[Result "1-0"]
[Round "05"]
[TimeControl "180+1"]
[Date "2022.02.15"]
[WhiteClock "0:00:10"]
[BlackClock "0:00:05"]

1. e4 c5 2. c3 d5 3. exd5 Qxd5 4. d4 Nf6 5. Nf3 e6 6. Be2 Nc6 7. O-O Be7 8. Be3 cxd4 9. cxd4 O-O 10. Nc3 Qd8 11. Bd3 Nb4 12. Bb1 b6 13. a3 Nbd5 14. Qd3 Bb7 15. Bg5 g6 16. Re1 Rc8 17. Ne5 Nxc3 18. bxc3 Nd5 19. Bh6 Rxc3 20. Qe2 Re8 21. Nxf7 Qc8 22. Ne5 Bf8 23. Bxf8 Rxf8 24. Qg4 Nf4 25. f3 Rc1 26. Ba2 Rxa1 27. Rxa1 Qc3 28. Bxe6+ Kg7 29. Rd1 Qc2 30. Rf1 Qd2 31. Kh1 Qxd4 32. Qg5 Nxe6 33. Qe7+ Kh6 34. Qxe6 Rf5 35. Ng4+ Qxg4 36. Qe7 Ba6 37. Qe3+ Qf4 38. Re1 Qxe3 39. Rxe3 Rd5 40. h3 Rd3 41. Re7 Rxa3 42. Rxa7 b5 43. Kh2 b4 44. h4 b3 45. g4 Ra2+ 46. Kg3 Bd3 47. g5+ Kh5 48. Rxh7# 1-0


[Site "https://www.chess.com"]

[Event "Titled Tuesday Blitz February 15 Early 2022"]
[White "Janaszak, Dawid"]
[Black "Jakubowska, Anna"]
[WhiteFideId "1119206"]
[BlackFideId "1121952"]
[WhiteElo "2199"]
[BlackElo "1924"]
[Result "1-0"]
[Round "05"]
[TimeControl "180+1"]
[Date "2022.02.15"]
[WhiteClock "0:00:43"]
[BlackClock "0:00:10"]

1. e4 c6 2. d4 d5 3. exd5 cxd5 4. Bd3 Nc6 5. c3 Nf6 6. Bf4 g6 7. Nf3 Bg4 8. Nbd2 Bg7 9. O-O O-O 10. Re1 e6 11. Qb3 Na5 12. Qa4 Bxf3 13. Nxf3 a6 14. Ne5 b5 15. Qd1 Nc4 16. Qe2 Nh5 17. Bc1 Rc8 18. h3 Qh4 19. Nf3 Qe7 20. a4 b4 21. b3 Na5 22. Bxa6 Rxc3 23. Bg5 Qa7 24. Bd2 Rc2 25. Bd3 Rb2 26. Reb1 Rxb3 27. Bxb4 Rxb1+ 28. Rxb1 Rb8 29. Bc5 Rxb1+ 30. Bxb1 Qb7 31. Qb5 Qxb5 32. axb5 Nf4 33. Ne5 Bf8 34. Nd7 Bg7 35. Kf1 Nb3 36. b6 Bxd4 37. b7 Bxc5 38. b8=Q+ Kg7 39. Qxb3 1-0


[Site "https://www.chess.com"]

[Event "Titled Tuesday Blitz February 15 Early 2022"]
[White "Jobava, Baadur"]
[Black "Tasev, Dejan"]
[WhiteFideId "13601520"]
[BlackFideId "936618"]
[WhiteElo "2617"]
[BlackElo "2253"]
[Result "1-0"]
[Round "05"]
[TimeControl "180+1"]
[Date "2022.02.15"]
[WhiteClock "0:01:26"]
[BlackClock "0:00:15"]

1. b3 Nf6 2. Bb2 g6 3. g3 Bg7 4. Bg2 O-O 5. c4 d6 6. d4 Nbd7 7. Nf3 c5 8. O-O a6 9. Nc3 Rb8 10. a4 b6 11. e4 Bb7 12. d5 Ne8 13. Qc2 Nc7 14. Nd2 b5 15. cxb5 axb5 16. axb5 Bc8 17. f4 Nxb5 18. Nxb5 Bxb2 19. Qxb2 Rxb5 20. e5 Rb4 21. Rae1 Qb6 22. Rf2 c4 23. Nxc4 Qb8 24. Na5 Bb7 25. e6 Nc5 26. exf7+ Rxf7 27. Qd2 Ba8 28. Nc6 Bxc6 29. dxc6 Rb6 30. Bd5 e6 31. Rxe6 Nxe6 32. Bxe6 Kf8 33. Bxf7 Kxf7 34. f5 Rxb3 35. Qd5+ Kg7 36. f6+ Kh6 37. f7 Rb1+ 38. Kg2 Qf8 39. c7 Kg7 40. Qd4+ Kh6 41. c8=Q Qxc8 42. f8=Q+ Qxf8 43. Rxf8 1-0


[Site "https://www.chess.com"]

[Event "Titled Tuesday Blitz February 15 Early 2022"]
[White "Johnson, Ben"]
[Black "Kirillov, Dmitry"]
[WhiteFideId "2010917"]
[BlackFideId "34180572"]
[WhiteElo "2207"]
[BlackElo "2076"]
[Result "1/2-1/2"]
[Round "05"]
[TimeControl "180+1"]
[Date "2022.02.15"]
[WhiteClock "0:00:07"]
[BlackClock "0:00:08"]

1. Nf3 Nf6 2. c4 b6 3. g3 c5 4. Bg2 Bb7 5. O-O e6 6. b3 Be7 7. Bb2 O-O 8. e3 d6 9. d4 cxd4 10. exd4 Nbd7 11. Nc3 a6 12. Nh4 Bxg2 13. Nxg2 d5 14. Qe2 dxc4 15. bxc4 Rc8 16. d5 exd5 17. Nxd5 Nxd5 18. cxd5 b5 19. a4 Re8 20. axb5 Bf6 21. Bxf6 Nxf6 22. Qd3 axb5 23. Ne3 Rb8 24. Rfb1 Qb6 25. Rb4 Red8 26. Rab1 Qd6 27. Rxb5 Rxb5 28. Rxb5 g6 29. Qb3 Qe5 30. Qd3 Qa1+ 31. Kg2 Qe5 32. Rc5 Ne4 33. Ra5 Nf6 34. h3 Kg7 35. Ng4 Qc7 36. Qd4 Qd7 37. Qxf6+ Kf8 38. Qh8+ Ke7 39. d6+ Qxd6 40. Ra7+ Rd7 41. Rxd7+ Qxd7 42. Qe5+ Kf8 43. Nf6 Qc6+ 44. Nd5 h5 45. h4 Kg8 46. Qe7 Qxd5+ 47. Kh2 Kg7 48. Qe3 Qf5 49. Kg1 Qb1+ 50. Kg2 Qb7+ 51. Kg1 Qd7 52. Kg2 Qf5 53. Kg1 Kf6 54. Kg2 Qc2 55. Kg1 Qc6 56. Kh2 Qd5 57. Kg1 Kf5 58. Kh2 f6 59. Qf4+ Ke6 60. Qe3+ Qe5 61. Kg2 Kf5 62. Qf3+ Ke6 63. Qb3+ Qd5+ 64. Qf3 Qxf3+ 65. Kxf3 Kf5 66. Ke3 Kg4 67. Ke4 g5 68. hxg5 fxg5 69. Ke3 h4 70. gxh4 gxh4 71. f4 Kg3 72. f5 h3 73. f6 h2 74. f7 h1=Q 75. f8=Q Qe1+ 76. Kd4 Qd1+ 77. Kc4 Qc2+ 78. Kb5 Qb3+ 79. Kc6 Qc4+ 80. Qc5 Qe6+ 81. Qd6+ Qxd6+ 82. Kxd6 1/2-1/2


[Site "https://www.chess.com"]

[Event "Titled Tuesday Blitz February 15 Early 2022"]
[White "Jones, Gawain C B"]
[Black "Fedoseev, Vladimir"]
[WhiteFideId "409561"]
[BlackFideId "24130737"]
[WhiteElo "2657"]
[BlackElo "2726"]
[Result "0-1"]
[Round "05"]
[TimeControl "180+1"]
[Date "2022.02.15"]
[WhiteClock "0:00:01"]
[BlackClock "0:00:03"]

1. Nf3 d5 2. g3 Nd7 3. Bg2 e5 4. O-O Ngf6 5. d3 Bc5 6. Nc3 d4 7. Nb1 O-O 8. c3 Re8 9. b4 Bb6 10. Bb2 Qe7 11. Nbd2 dxc3 12. Bxc3 Nd5 13. Qb3 Nxc3 14. Qxc3 Nf6 15. Ng5 Bd4 16. Qb3 Bxa1 17. Rxa1 h6 18. Nge4 Nxe4 19. Nxe4 Be6 20. Qc3 Bd5 21. Nf6+ Qxf6 22. Bxd5 Qb6 23. Qb3 Re7 24. Be4 c6 25. Rb1 Rd8 26. a4 a6 27. Qc2 g6 28. Bf3 Kg7 29. Rb3 Qd4 30. Kg2 Qd6 31. Qc4 Qe6 32. Qc3 Rd4 33. b5 cxb5 34. axb5 a5 35. b6 Rd6 36. Rb5 Rxb6 37. Rxa5 Rd6 38. Rc5 Rd8 39. Rb5 b6 40. Qb2 Rd6 41. Qc3 Kh7 42. Qb2 Qf6 43. Qb4 Rde6 44. h4 Rc7 45. Bd5 Rd6 46. Bf3 Kg7 47. h5 g5 48. Be4 Re6 49. Bd5 Rd6 50. Be4 Qe6 51. Bf3 Re7 52. Qb2 g4 53. Be4 f5 54. Ba8 Qf6 55. Bd5 e4 56. Qb3 e3 57. fxe3 Rxe3 58. Qc2 Qe7 59. Kf2 Re5 60. Bc4 Rxb5 61. Bxb5 Re6 62. Qb2+ Qf6 63. Qb4 Qe5 64. d4 Qe3+ 65. Kg2 Qe4+ 66. Kf2 f4 67. gxf4 Qxf4+ 68. Kg2 g3 69. Bd3 Qf2+ 70. Kh3 g2 71. d5 Re3+ 0-1


[Site "https://www.chess.com"]

[Event "Titled Tuesday Blitz February 15 Early 2022"]
[White "Kalogridis, Antonios"]
[Black "Iskusnyh, Sergei"]
[WhiteFideId "25833901"]
[BlackFideId "4120027"]
[WhiteElo "1495"]
[BlackElo "2492"]
[Result "0-1"]
[Round "05"]
[TimeControl "180+1"]
[Date "2022.02.15"]
[WhiteClock "0:01:14"]
[BlackClock "0:01:20"]

1. d4 d5 2. c4 c6 3. cxd5 cxd5 4. Nc3 Nf6 5. Bf4 Nc6 6. e3 a6 7. Nf3 Bg4 8. Be2 e6 9. Ne5 Bxe2 10. Qxe2 Nxe5 11. dxe5 Nd7 12. O-O Bb4 13. Bg3 O-O 14. f4 Bxc3 15. bxc3 Rc8 16. Rac1 b5 17. f5 exf5 18. Rxf5 Nc5 19. Rcf1 Qd7 20. Bh4 Ne6 21. Qd3 Rc4 22. h3 Rxh4 23. g4 Rxh3 24. Kg2 Rh6 25. Kg3 Nc5 26. Qd4 Ne4+ 27. Kf4 Rc8 28. Rd1 Nxc3 29. g5 Ne2+ 0-1


[Site "https://www.chess.com"]

[Event "Titled Tuesday Blitz February 15 Early 2022"]
[White "Kamsky, Gata"]
[Black "Alinasab, Mobina"]
[WhiteFideId "2000024"]
[BlackFideId "12528897"]
[WhiteElo "2834"]
[BlackElo "2568"]
[Result "1-0"]
[Round "05"]
[TimeControl "180+1"]
[Date "2022.02.15"]
[WhiteClock "0:00:08"]
[BlackClock "0:00:03"]

1. e4 c5 2. Nc3 Nc6 3. Nf3 e6 4. d4 cxd4 5. Nxd4 Nf6 6. Ndb5 Bb4 7. a3 Bxc3+ 8. Nxc3 d5 9. exd5 exd5 10. Bd3 O-O 11. O-O d4 12. Ne2 Bg4 13. Bg5 Bxe2 14. Qxe2 Qd6 15. Rad1 Rfe8 16. Qf3 Ne5 17. Qh3 Nxd3 18. Qxd3 Ne4 19. Bh4 Rac8 20. f3 Qh6 21. Be1 Qe3+ 22. Kh1 Qxd3 23. Rxd3 Nf6 24. c3 dxc3 25. Bxc3 Re2 26. Kg1 h6 27. Rf2 Rxf2 28. Kxf2 Rc6 29. Rd8+ Kh7 30. Rb8 Rb6 31. Bd4 Rb3 32. Rd8 Kg6 33. g4 a6 34. h3 Rb5 35. Bc3 Nd5 36. Rd6+ f6 37. Bd4 Ne7 38. b4 Rd5 39. Re6 Rxd4 40. Rxe7 Rd3 41. Rxb7 Rxa3 42. h4 Rb3 43. h5+ Kh7 44. Rb6 Rb2+ 45. Kg3 Kg8 46. Kf4 Kh7 47. Kf5 Rb3 48. f4 Rb1 49. Ke6 Re1+ 50. Kd5 Rb1 51. Kc5 Rf1 52. Rxa6 Rxf4 53. b5 Rxg4 54. b6 Rg1 55. Ra4 Rc1+ 56. Rc4 Ra1 57. b7 1-0


[Site "https://www.chess.com"]

[Event "Titled Tuesday Blitz February 15 Early 2022"]
[White "Karabalis, Harilos"]
[Black "Aradhya, Garg"]
[WhiteFideId "4621808"]
[BlackFideId "25006746"]
[WhiteElo "2168"]
[BlackElo "2169"]
[Result "0-1"]
[Round "05"]
[TimeControl "180+1"]
[Date "2022.02.15"]
[WhiteClock "0:00:10"]
[BlackClock "0:00:23"]

1. e4 e5 2. Nf3 Nc6 3. Bb5 a6 4. Ba4 Bc5 5. O-O Nge7 6. c3 Ng6 7. d4 Ba7 8. Bg5 f6 9. Be3 d6 10. d5 b5 11. dxc6 Bxe3 12. Bb3 Bb6 13. a4 Rb8 14. axb5 axb5 15. h3 Qe7 16. Nbd2 Nf4 17. Nh2 Be6 18. Ndf3 O-O 19. Ng4 Rfd8 20. Ne3 Bxe3 21. fxe3 Bxb3 22. Qxb3+ Qe6 23. Qc2 Ng6 24. Ra7 Rdc8 25. Rd1 Ne7 26. Ra6 Ra8 27. Rda1 Rxa6 28. Rxa6 d5 29. exd5 Qxd5 30. e4 Qc5+ 31. Qf2 Qd6 32. Qe2 Rb8 33. Qd2 Qxd2 34. Nxd2 Rb6 35. Ra8+ Kf7 36. Kf2 Rxc6 37. Ra7 b4 38. cxb4 Rc2 39. Ke3 Rxb2 40. Rxc7 Rxb4 41. Nc4 Ke6 42. Kd3 Rb3+ 43. Ke2 h5 44. h4 Rc3 45. Kd2 Rb3 46. Ne3 g6 47. Ra7 Rb8 48. g3 Rd8+ 49. Ke2 Rd7 50. Ra6+ Rd6 51. Ra8 f5 52. exf5+ Nxf5 53. Nxf5 Kxf5 54. Re8 Kg4 55. Rxe5 Kxg3 56. Re4 Rf6 57. Rd4 Rf4 58. Rd6 Rg4 59. Ke3 Kxh4 60. Kf3 Kg5 61. Ke3 Rg3+ 62. Kf2 h4 63. Rc6 Rg4 64. Rd6 Rf4+ 65. Kg2 Kh5 66. Kh3 g5 67. Rd8 Rf3+ 68. Kg2 Kg4 69. Rd4+ Rf4 70. Rd8 h3+ 71. Kh2 Rf2+ 72. Kg1 Kg3 73. Rd3+ Rf3 74. Rd2 h2+ 75. Rxh2 Rf1+ 76. Kxf1 Kxh2 77. Ke2 g4 78. Ke3 g3 0-1


[Site "https://www.chess.com"]

[Event "Titled Tuesday Blitz February 15 Early 2022"]
[White "Kejzar, Petra"]
[Black "Hamley, Ryan"]
[WhiteFideId "14610213"]
[BlackFideId "30959497"]
[WhiteElo "2006"]
[BlackElo "2392"]
[Result "0-1"]
[Round "05"]
[TimeControl "180+1"]
[Date "2022.02.15"]
[WhiteClock "0:00:01"]
[BlackClock "0:00:07"]

1. e4 e5 2. Nf3 Nc6 3. Bb5 Nf6 4. O-O Nxe4 5. Re1 Nd6 6. Bxc6 dxc6 7. Nxe5 Be7 8. d4 O-O 9. Nc3 Nf5 10. Be3 Bd6 11. Qh5 Be6 12. Ne4 h6 13. g4 Qh4 14. Ng3 Qxh5 15. Nxh5 Nxe3 16. Rxe3 Bxe5 17. Rxe5 Bxg4 18. Rae1 Rad8 19. c3 Rd7 20. Nf4 b6 21. Kg2 f6 22. Re7 Rf7 23. Re8+ Kh7 24. Kg3 Bf5 25. Ng2 a5 26. Nh4 Bd3 27. R1e3 Bb1 28. a3 g5 29. Nf3 Kg7 30. Nd2 Bg6 31. Re1 h5 32. h4 Rd5 33. Rc8 Rfd7 34. Nf3 g4 35. Ng1 c5 36. dxc5 Rxc5 37. Re3 Rcd5 38. Ne2 Rd3 39. Rxd3 Rxd3+ 40. Kg2 Be4+ 41. Kh2 Rd7 42. Ng3 Bg6 0-1


[Site "https://www.chess.com"]